AoeStats
← a.l.a.n.t

Arena

504857399Analyzed
4v4 RM · 25d ago on Sep 6, 2026· 46m 31s· 8 players
Game mode
Random Map
Map size
Large (8 player)
Population
200
Speed
Normal
Resources
Standard
Victory
Conquest
Starting age
Dark Age
Ending age
Imperial Age
RankedLock teamsTeams togetherTeam positionsShared explorationLock speedFull tech treeHidden civsTurbo modeCheats
Victory
Defeat
🇭🇺 Goths · Hungary
1318
+16
🇷🇺 Poles · Russia
1310
+16
🇮🇳 Khmer · India
1275
+17
🇬🇧 Inca · United Kingdom
1255
+18
🇺🇸 Cumans · United States
1370
-18
🇨🇴 Khmer · Colombia
1358
-19
🇺🇸 Teutons · United States
1256
-15
🇦🇷 Malians · Argentina
1254
-15
a.l.a.n.t
10:14 Feudal Age
10:54 Loom
16:10 Castle Age
14:09 Fletching
19:32 Double-Bit Axe
24:26 Squires
24:28 Scale Mail Armor
27:31 Horse Collar
33:05 Imperial Age
30:53 Bodkin Arrow
31:23 Bow Saw
31:22 Pikeman
32:20 Chain Mail Armor
32:42 Forging
32:52 Champi Runner
33:12 Halberdier
34:32 Conscription
35:15 Plate Mail Armor
38:13 Coinage
40:14 Iron Casting
39:24 Champi Warrior
41:50 Elite Champi Warrior
42:14 Elite Skirmisher
43:06 Bracer
43:07 Padded Archer Armor
45:33 Leather Archer Armor
Bl++d
10:20 Feudal Age
10:46 Loom
14:49 Castle Age
13:41 Double-Bit Axe
13:56 Horse Collar
15:53 Bow Saw
15:39 Town Watch
18:47 Wheelbarrow
24:10 Hand Cart
23:54 Gold Mining
25:39 Scale Mail Armor
26:09 Fletching
28:20 Bodkin Arrow
29:28 Forging
29:34 Chain Mail Armor
30:35 Heavy Plow
30:53 Stone Mining
31:51 Iron Casting
35:12 Imperial Age
33:12 Padded Archer Armor
33:17 Squires
32:37 Pikeman
33:37 Man-at-Arms
37:01 Blast Furnace
37:03 Chemistry
37:00 Leather Archer Armor
36:35 Long Swordsman
37:19 Perfusion
37:39 Conscription
39:39 Crop Rotation
40:13 Two-Man Saw
39:11 Two-Handed Swordsman
39:46 Champion
42:19 Ring Archer Armor
43:31 Guilds
44:53 Ballistics
44:00 Halberdier
44:42 Capped Ram
Velmont
10:29 Feudal Age
13:15 Castle Age
11:31 Double-Bit Axe
11:57 Horse Collar
14:13 Bow Saw
14:03 Heavy Plow
21:39 Wheelbarrow
21:18 Gold Mining
21:19 Stone Mining
22:40 Hand Cart
24:19 Gold Shaft Mining
24:19 Stone Shaft Mining
28:30 Imperial Age
26:00 Loom
26:48 Loom
28:30 Scale Barding Armor
28:36 Forging
28:37 Heavy Scorpion
30:18 Chemistry
29:57 Crop Rotation
29:02 Capped Ram
30:09 Ballistics
30:04 Siege Engineers
30:55 Iron Casting
31:57 Light Cavalry
32:47 Bloodlines
32:38 Husbandry
32:36 Siege Ram
33:54 Chain Barding Armor
34:35 Blast Furnace
34:10 Double Crossbow
34:45 Onager
41:28 Conscription
42:46 Hussar
44:47 Elite Battle Elephant
47:19 Plate Barding Armor
impossible
10:33 Feudal Age
12:02 Loom
14:49 Castle Age
13:29 Double-Bit Axe
13:30 Horse Collar
21:02 Bow Saw
22:22 Heavy Plow
22:15 Gold Mining
24:16 Wheelbarrow
28:18 Imperial Age
26:45 Hand Cart
26:16 Town Watch
26:45 Forging
26:41 Scale Barding Armor
26:43 Treadmill Crane
27:14 Masonry
27:10 Squires
28:07 Iron Casting
27:26 Stone Mining
27:57 Bloodlines
27:47 Husbandry
27:33 Light Cavalry
28:27 Cavalier
28:37 Light Cavalry
30:28 Winged Hussar
32:44 Chain Barding Armor
33:25 Blast Furnace
36:01 Lechitic Legacy
37:52 Conscription
38:34 Fletching
38:44 Padded Archer Armor
38:45 Scale Mail Armor
41:33 Bodkin Arrow
41:54 Leather Archer Armor
42:00 Ballistics
42:41 Chemistry
42:34 Thumb Ring
41:52 Crossbowman
44:00 Arbalester
45:35 Hoardings
45:12 Bracer
44:52 Elite Skirmisher
Lorenzo de' Medici
10:58 Feudal Age
15:01 Castle Age
13:11 Double-Bit Axe
13:58 Horse Collar
16:24 Wheelbarrow
17:35 Heavy Plow
17:49 Bow Saw
17:26 Loom
22:49 Gold Mining
28:29 Imperial Age
26:20 Stone Mining
26:49 Hand Cart
26:51 Scale Mail Armor
27:02 Forging
26:53 Squires
26:39 Arson
27:44 Stone Shaft Mining
28:09 Chain Mail Armor
29:22 Iron Casting
29:02 Fortified Wall
30:09 Two-Man Saw
29:53 Plate Mail Armor
29:24 Pikeman
30:22 Halberdier
32:35 Blast Furnace
32:48 Fletching
33:36 Ballistics
34:13 Siege Engineers
34:28 Bodkin Arrow
35:57 Crop Rotation
36:46 Conscription
37:03 Hoardings
37:02 Masonry
38:41 Hoardings
39:00 Elite Teutonic Knight
40:06 Ironclad
42:22 Chemistry
41:36 Onager
43:01 Siege Onager
45:13 Capped Ram
Diheadwarlord
5:12 Loom
8:56 Feudal Age
10:01 Double-Bit Axe
17:07 Horse Collar
24:31 Castle Age
23:09 Scale Mail Armor
23:19 Forging
24:00 Wheelbarrow
24:49 Pikeman
25:29 Squires
26:04 Chain Mail Armor
26:25 Iron Casting
26:17 Fletching
28:29 Padded Archer Armor
28:27 Bodkin Arrow
29:40 Hand Cart
30:01 Leather Archer Armor
30:44 Bow Saw
31:45 Bloodlines
31:17 Light Cavalry
32:37 Scale Barding Armor
35:49 Imperial Age
34:51 Steppe Husbandry
37:45 Chemistry
37:06 Ballistics
36:35 Town Watch
38:07 Blast Furnace
37:30 Chain Barding Armor
37:28 Hussar
39:20 Parthian Tactics
39:58 Thumb Ring
39:39 Cavalier
41:15 Ring Archer Armor
41:11 Conscription
41:10 Elite Kipchak
44:33 Plate Barding Armor
44:58 Blast Furnace
45:31 Halberdier
Máximo Décimo Meridio
11:08 Feudal Age
11:15 Loom
14:39 Castle Age
12:58 Horse Collar
14:22 Double-Bit Axe
18:41 Town Watch
19:51 Wheelbarrow
21:50 Bow Saw
21:41 Heavy Plow
24:03 Forging
24:20 Stone Mining
24:53 Gold Mining
26:10 Gold Shaft Mining
26:14 Stone Shaft Mining
27:22 Bloodlines
29:45 Imperial Age
28:12 Hand Cart
28:12 Scale Barding Armor
29:08 Ballistics
30:50 Conscription
30:35 Husbandry
30:56 Chain Barding Armor
30:36 Elite Ballista Elephant
32:19 Chemistry
32:34 Plate Barding Armor
32:06 Double Crossbow
33:15 Siege Engineers
33:53 Iron Casting
32:41 Light Cavalry
35:47 Blast Furnace
35:11 Masonry
35:05 Hussar
37:01 Fletching
37:13 Murder Holes
39:03 Architecture
41:19 Hoardings
40:49 Onager
Maikel´s
10:54 Feudal Age
15:09 Castle Age
14:15 Double-Bit Axe
15:21 Horse Collar
17:08 Bow Saw
17:02 Heavy Plow
23:25 Forging
23:16 Scale Mail Armor
23:44 Arson
25:33 Squires
26:42 Iron Casting
32:05 Imperial Age
29:22 Loom
31:26 Wheelbarrow
33:06 Chain Mail Armor
33:19 Conscription
33:14 Pikeman
34:31 Hand Cart
37:07 Tigui
40:50 Plate Mail Armor
40:55 Man-at-Arms
42:38 Fletching
43:25 Masonry
44:17 Chemistry
43:56 Bodkin Arrow
44:27 Ballistics
44:38 Architecture
Connection lost

Rejoining the realm…

Still unreachable

The connection could not be restored.

Session expired

The server has moved on; the page needs a fresh start.